[Event "November 21 Late 2023"]
[Site "https://www.chess.com"]
[Date "2023.11.21"]
[Round "5"]
[White "Firouzja, Alireza"]
[Black "Jakubowski, Krzysztof"]
[Result "1-0"]
[Board "20"]
[TimeControl "180+1"]
[WhiteFideId "12573981"]
[BlackFideId "1112848"]
[WhiteElo "2896"]
[BlackElo "2369"]
[WhiteTeam "FRA"]
[BlackTeam "POL"]
[WhiteClock "0:01:41"]
[BlackClock "0:00:00"]

1. b4 d5 2. Bb2 Qd6 3. a3 e5 4. e3 a5 5. Nf3 e4 6. Nd4 axb4 7. Nb5 Qd8 8. Be5 Na6 9. axb4 f6 10. Nxc7+ Nxc7 11. Bxc7 Rxa1 12. Bxd8 Kxd8 13. Qc1 Bd6 14. Qb2 Be5 15. c3 Ra7 16. Na3 Ne7 17. Nb5 Ra8 18. Be2 Be6 19. O-O Kd7 20. Ra1 Nf5 21. h3 g6 22. Nd4 h5 23. Bb5+ Ke7 24. Nxe6 Kxe6 25. Ra5 Nd6 26. Be2 Rad8 27. Qa2 Nf5 28. c4 Kf7 29. Rxd5 Kg7 30. Qa7 Ra8 31. Qxb7+ Kh6 32. Rxe5 fxe5 33. Qxe4 Ra2 34. Qxe5 Rd8 35. Bxh5 Rdxd2 36. Qf4+ 1-0

[Event "November 21 Late 2023"]
[Site "https://www.chess.com"]
[Date "2023.11.21"]
[Round "5"]
[White "Hakobyan, Aram"]
[Black "Arabidze, Meri"]
[Result "1/2-1/2"]
[Board "21"]
[TimeControl "180+1"]
[WhiteFideId "13306677"]
[BlackFideId "13604040"]
[WhiteElo "2584"]
[BlackElo "2416"]
[WhiteTeam "ARM"]
[BlackTeam "GEO"]
[WhiteClock "0:00:07"]
[BlackClock "0:00:30"]

1. Nf3 c5 2. b3 b6 3. Bb2 Bb7 4. e3 Nf6 5. g3 e6 6. Bg2 Be7 7. O-O O-O 8. d4 d5 9. Nbd2 Nc6 10. c4 Rc8 11. dxc5 Bxc5 12. a3 dxc4 13. Nxc4 Na5 14. Ncd2 Be7 15. b4 Nc4 16. Nxc4 Rxc4 17. Ne5 Bxg2 18. Nxc4 Bxf1 19. Qxf1 Qa8 20. Rc1 Rc8 21. Ne5 h6 22. h3 h5 23. b5 Rxc1 24. Qxc1 Qe4 25. Nc6 Bc5 26. Bxf6 gxf6 27. Nxa7 h4 28. gxh4 Qxh4 29. Qf1 Bxa3 30. Qg2+ Kh7 31. Nc6 Bd6 32. Nd8 Qh5 33. Qb7 Qg6+ 34. Kh1 Qb1+ 35. Kg2 Qg6+ 36. Kf3 Qf5+ 37. Kg2 Qg6+ 38. Kf1 Qd3+ 39. Kg1 Qg6+ 40. Qg2 Qb1+ 41. Qf1 Qg6+ 42. Qg2 Qb1+ 43. Qf1 Qg6+ 44. Kh1 Qe4+ 45. Qg2 Qb1+ 46. Qg1 Qe4+ 47. Qg2 Qb1+ 48. Qg1 Qe4+ 49. Qg2 1/2-1/2

[Event "November 21 Late 2023"]
[Site "https://www.chess.com"]
[Date "2023.11.21"]
[Round "5"]
[White "Poltorak, Sebastian"]
[Black "Bortnyk, Olexandr"]
[Result "0-1"]
[Board "22"]
[TimeControl "180+1"]
[WhiteFideId "1199498"]
[BlackFideId "14120828"]
[WhiteElo "2250"]
[BlackElo "2725"]
[WhiteTeam "POL"]
[BlackTeam "UKR"]
[WhiteClock "0:00:08"]
[BlackClock "0:00:18"]

1. e4 Nf6 2. Nc3 d5 3. exd5 Nxd5 4. Bc4 Nb6 5. Bb3 c5 6. d3 Nc6 7. Nge2 Bf5 8. Be3 e6 9. Qd2 Be7 10. Ng3 Bg6 11. Nce4 Nd4 12. O-O O-O 13. f4 a5 14. c3 Nxb3 15. axb3 Qc7 16. f5 exf5 17. Nxf5 Bxf5 18. Rxf5 g6 19. Rxc5 Bxc5 20. Bxc5 Rfd8 21. Bd4 Rxd4 22. cxd4 Nd7 23. Rc1 Qb6 24. Nc5 Nxc5 25. dxc5 Qxb3 26. Qc3 Qd5 27. d4 Rd8 28. Rd1 a4 29. h3 Re8 30. Qd3 h5 31. Rd2 Re1+ 32. Kh2 Qg5 33. Rf2 Re3 34. Qf1 Qg3+ 35. Kg1 h4 36. Rf3 Rxf3 37. Qxf3 Qe1+ 38. Kh2 Qb4 39. Qf2 b6 40. cxb6 Qxb6 41. Qd2 Qd6+ 42. Kg1 Qd5 43. Qc3 Kg7 44. Qe3 g5 45. Kf2 Kg6 46. Qd3+ Qf5+ 47. Ke3 Qxd3+ 48. Kxd3 f5 49. d5 Kf6 50. Kd4 g4 51. d6 Ke6 52. d7 Kxd7 53. Ke5 gxh3 54. gxh3 Kc6 55. Kxf5 Kd5 56. Kg4 Kc4 57. Kxh4 Kb3 58. Kg3 Kxb2 59. h4 a3 60. h5 a2 61. h6 a1=Q 0-1

[Event "November 21 Late 2023"]
[Site "https://www.chess.com"]
[Date "2023.11.21"]
[Round "5"]
[White "Feng, Eric"]
[Black "Paravyan, David"]
[Result "0-1"]
[Board "23"]
[TimeControl "180+1"]
[WhiteFideId "30952590"]
[BlackFideId "4194985"]
[WhiteElo "1785"]
[BlackElo "2566"]
[WhiteTeam "USA"]
[BlackTeam "FID"]
[WhiteClock "0:00:41"]
[BlackClock "0:01:31"]

1. d4 d5 2. c4 e6 3. Nf3 Nf6 4. g3 Be7 5. Bg2 O-O 6. O-O dxc4 7. Ne5 Nc6 8. Bxc6 bxc6 9. Nxc6 Qe8 10. Nxe7+ Qxe7 11. Qc2 c5 12. b3 Rd8 13. dxc5 Qxc5 14. Qxc4 Qxc4 15. bxc4 Ba6 16. Bg5 Bxc4 17. Nc3 h6 18. Bf4 Nd5 19. Nxd5 Rxd5 20. Rfe1 Rad8 21. Rac1 Bxa2 22. Ra1 Bc4 23. Rxa7 Rd1 24. Rxd1 Rxd1+ 25. Kg2 Bxe2 26. Be3 g5 27. h3 Bc4 28. Ra3 Bd5+ 29. f3 Kh7 30. Ra4 f5 31. Rd4 Rb1 32. Rd2 Rb3 33. Kf2 f4 34. gxf4 gxf4 35. Bc5 Rxf3+ 36. Ke2 Rxh3 37. Bd6 Rh2+ 38. Kd3 Rxd2+ 39. Kxd2 f3 40. Ke3 Kg6 41. Bg3 Kf5 42. Kf2 Ke4 43. Bh4 e5 44. Bf6 h5 45. Bg5 Kd3 46. Bf6 e4 47. Bg5 Be6 48. Kg3 Ke2 0-1

[Event "November 21 Late 2023"]
[Site "https://www.chess.com"]
[Date "2023.11.21"]
[Round "5"]
[White "Sarana, Alexey"]
[Black "Wieczorek, Oskar"]
[Result "1/2-1/2"]
[Board "24"]
[TimeControl "180+1"]
[WhiteFideId "24133795"]
[BlackFideId "1133950"]
[WhiteElo "2707"]
[BlackElo "2407"]
[WhiteTeam "SRB"]
[BlackTeam "POL"]
[WhiteClock "0:00:04"]
[BlackClock "0:00:03"]

1. d4 Nf6 2. c4 c5 3. d5 g6 4. Nc3 Bg7 5. e4 d6 6. Bd3 O-O 7. h3 e6 8. Nf3 Na6 9. Be3 Nc7 10. a4 Na6 11. Qd2 Nb4 12. Bb1 exd5 13. exd5 Re8 14. Ra3 Nd7 15. O-O Ne5 16. Nxe5 Bxe5 17. Ne4 Bf5 18. Ng5 Bxb1 19. Rxb1 Qd7 20. Nf3 Qf5 21. Re1 Nc2 22. Rb3 Nxe1 23. Qxe1 b6 24. Qd1 Bf6 25. g4 Qe4 26. Nd2 Qe7 27. Qf3 Bg5 28. Bxg5 Qxg5 29. Ne4 Qc1+ 30. Kg2 Red8 31. Nf6+ Kg7 32. Rc3 Qxb2 33. g5 Qd2 34. Qg3 Qd4 35. Rf3 Rh8 36. Rf4 Qe5 37. h4 h5 38. gxh6+ Rxh6 39. Ng4 Qh5 40. Qc3+ Kf8 41. Nxh6 Qxh6 42. Qf6 Qg7 43. Qxd6+ Kg8 44. Qc6 Rf8 45. d6 Qe5 46. Re4 Qf5 47. d7 Kg7 48. f3 Rd8 49. Re7 Qf4 50. Qd5 Qxh4 51. Re4 Qf6 52. Re8 Qb2+ 53. Kg3 Qf6 54. Rxd8 Qxd8 55. Qe5+ Kf8 56. Qd6+ Kg7 57. f4 f6 58. Qe6 Kf8 59. Kf3 Qe7 60. Qd5 Qd8 61. Qe6 Qe7 62. Qc6 Qd8 63. Qd6+ Kf7 64. Ke4 Qe7+ 65. Kd5 Qd8 66. Qe6+ Kf8 67. Kc6 g5 68. Kb7 gxf4 69. Qd6+ Kf7 70. Kc6 f3 71. Qd5+ Ke7 72. Qe4+ Kf7 73. Qxf3 Qa8+ 74. Kc7 Qxf3 75. d8=Q Qf4+ 76. Kb7 Qxc4 77. Qd7+ Kg6 78. Kxa7 Qb3 79. Qe8+ Kf5 80. Qh5+ Ke6 81. Qe8+ Kf5 82. Qh5+ Ke4 83. Qg6+ Ke5 84. Qh5+ Kd4 85. Qg4+ Kc3 86. Qf3+ Kb2 87. Qxf6+ Ka3 88. Qa1+ Kb4 89. Kxb6 c4 90. a5 c3 91. Qe1 Ka4+ 92. Kc5 Qa3+ 93. Kc4 Kxa5 94. Qe5+ Ka6 95. Qe6+ Kb7 96. Qd7+ Kb6 97. Kd3 Qc5 98. Kc2 Qc6 99. Qd4+ Kc7 100. Qg7+ Kb6 101. Qxc3 Qxc3+ 102. Kxc3 1/2-1/2

[Event "November 21 Late 2023"]
[Site "https://www.chess.com"]
[Date "2023.11.21"]
[Round "5"]
[White "Olsen, Filip Boe"]
[Black "Galchenko, Matvey"]
[Result "1-0"]
[Board "25"]
[TimeControl "180+1"]
[WhiteFideId "1440640"]
[BlackFideId "24175480"]
[WhiteElo "2322"]
[BlackElo "2406"]
[WhiteTeam "DEN"]
[BlackTeam "FID"]
[WhiteClock "0:00:08"]
[BlackClock "0:00:03"]

1. d4 Nf6 2. c4 c5 3. d5 e6 4. Nc3 exd5 5. cxd5 d6 6. Nf3 g6 7. Nd2 Bg7 8. e4 O-O 9. Be2 Re8 10. O-O Na6 11. f3 Nc7 12. a4 Rb8 13. Nc4 b6 14. Bf4 Bf8 15. Nb5 Nxb5 16. axb5 Nh5 17. Bd2 Bd7 18. Rxa7 Bxb5 19. Qb3 Bxc4 20. Bxc4 b5 21. Be2 Nf6 22. Rfa1 c4 23. Qd1 Qb6+ 24. Kh1 Bg7 25. R7a6 Qc7 26. Bb4 Bf8 27. Qd2 Nd7 28. Ra7 Qc8 29. Qf4 Ne5 30. h4 Rb7 31. R7a6 Qd8 32. g3 h5 33. Kg2 Kh7 34. Qe3 Bh6 35. Qd4 Rd7 36. Ra7 Bg7 37. Rxd7 Nxd7 38. Qd2 Qb6 39. Qf4 Ne5 40. Qd2 Re7 41. Ra8 Bh6 42. Qc3 Bg7 43. Qd2 Nd7 44. Qg5 Bf6 45. Qf4 Be5 46. Qg5 f6 47. Qd2 Qb7 48. Rd8 Qc7 49. Ra8 Qb7 50. Ra5 Qb6 51. f4 Bd4 52. Ra8 Rxe4 53. Bf3 Re3 54. Bxd6 Rd3 55. Qb4 Bc5 56. Bxc5 Qxc5 57. Qe1 Qe3 58. Qxe3 Rxe3 59. Ra7 Re7 60. d6 Rg7 61. Bc6 Nf8 62. Rxg7+ Kxg7 63. d7 Ne6 64. Bxb5 Kf8 65. Bxc4 Nd8 66. b4 Ke7 67. Bb5 Kd6 68. Ba4 Ne6 69. Kf3 f5 70. Ke3 Kc7 71. Kd3 Kd6 72. Kc4 Nd8 73. Bb5 Ne6 74. Kb3 Nd4+ 75. Ka4 Ne6 76. Ka5 Kc7 77. Ba4 Nd4 78. Ka6 Ne2 79. b5 Kxd7 80. b6+ Kc8 81. Ka7 1-0

[Event "November 21 Late 2023"]
[Site "https://www.chess.com"]
[Date "2023.11.21"]
[Round "5"]
[White "Vlassov, Nikolai"]
[Black "Elsa167"]
[Result "1-0"]
[Board "26"]
[TimeControl "180+1"]
[WhiteFideId "4103360"]
[WhiteElo "2324"]
[BlackElo "2946"]
[WhiteTeam "FID"]
[WhiteClock "0:00:09"]
[BlackClock "0:01:00"]

1. e4 e6 2. d4 d5 3. e5 c5 4. c3 Nc6 5. Nf3 Qb6 6. Be2 Bd7 7. O-O cxd4 8. cxd4 Nge7 9. Nc3 Nf5 10. Na4 Qd8 11. Be3 Be7 12. Bd3 O-O 13. Nc3 Nxe3 14. fxe3 Rc8 15. Rf2 g6 16. Qe2 Nb4 17. Raf1 Nxd3 18. Qxd3 Qb6 19. h4 Qa6 20. Qd2 Bb5 21. Nxb5 Qxb5 22. Ng5 Bxg5 23. hxg5 Rc7 24. Rf3 Rfc8 25. Qf2 Qe8 26. Qh4 Qf8 27. Kh2 Rc1 28. Rxf7 Qxf7 29. Rxf7 Kxf7 30. Qxh7+ Kf8 31. Qxg6 R1c6 32. Qf6+ Kg8 33. g6 R8c7 34. Kg3 Rc2 35. Qxe6+ Kg7 36. Qxd5 Kxg6 37. e4 Kh5 38. Qg8 Kh6 39. Qh8+ Kg6 40. d5 Rg7 41. e6 Kf6+ 42. Kf3 Rxg2 43. Qf8+ Ke5 44. Qf4+ Kd4 45. e7 Rg1 46. Qe3+ Kc4 47. e8=Q R7g3+ 48. Kf4 Rg4+ 49. Kf5 R4g3 50. Qxg3 Rxg3 51. Qc8+ Kd3 52. d6 Rf3+ 53. Ke5 Ke2 54. Qxb7 Kf2 55. d7 Kg2 56. d8=Q Rg3 57. Qf6 Kh2 58. Qh4+ Kg2 59. Qxg3+ Kh1 60. Qh7# 1-0

[Event "November 21 Late 2023"]
[Site "https://www.chess.com"]
[Date "2023.11.21"]
[Round "5"]
[White "Chigaev, Maksim"]
[Black "TheKnightOfBosnia"]
[Result "1-0"]
[Board "27"]
[TimeControl "180+1"]
[WhiteFideId "4108116"]
[WhiteElo "2561"]
[BlackElo "2617"]
[WhiteTeam "ESP"]
[WhiteClock "0:00:35"]
[BlackClock "0:00:00"]

1. d4 Nf6 2. c4 e6 3. g3 d5 4. Bg2 Be7 5. Nf3 O-O 6. O-O Nbd7 7. b3 a5 8. Nc3 c6 9. Qd3 Re8 10. e4 dxe4 11. Nxe4 c5 12. Nxf6+ Bxf6 13. Be3 a4 14. Rad1 axb3 15. axb3 Qc7 16. Rfe1 Ra2 17. Ng5 g6 18. Ne4 Be7 19. dxc5 Nxc5 20. Bxc5 Bxc5 21. Nf6+ Kf8 22. Nxe8 Bxf2+ 23. Kh1 Kxe8 24. Rf1 Bc5 25. Rd2 Rxd2 26. Qxd2 Kf8 27. b4 Be7 28. c5 Kg8 29. Qf4 Qxf4 30. gxf4 Kf8 31. Ra1 Ke8 32. Ra8 Kd7 33. Ra7 Kc7 34. c6 1-0

[Event "November 21 Late 2023"]
[Site "https://www.chess.com"]
[Date "2023.11.21"]
[Round "5"]
[White "Gholami Orimi, Mahdi"]
[Black "Wadsworth, Matthew J"]
[Result "0-1"]
[Board "28"]
[TimeControl "180+1"]
[WhiteFideId "12558486"]
[BlackFideId "415804"]
[WhiteElo "2331"]
[BlackElo "2266"]
[WhiteTeam "IRI"]
[BlackTeam "ENG"]
[WhiteClock "0:00:00"]
[BlackClock "0:00:14"]

1. d4 d5 2. c4 c6 3. Nf3 Nf6 4. Nc3 a6 5. c5 g6 6. Bf4 Nh5 7. Bg5 h6 8. Bh4 g5 9. Bg3 Bg7 10. e3 Nxg3 11. hxg3 Nd7 12. e4 dxe4 13. Nxe4 Nf6 14. Nxf6+ Bxf6 15. Bc4 Bg4 16. Qb3 Qa5+ 17. Kf1 O-O-O 18. Bxf7 Qb5+ 19. Qxb5 axb5 20. Ne5 Bf5 21. Bb3 Rxd4 22. Nf7 Rf8 23. Rxh6 Rd2 24. Rxf6 Bd3+ 25. Kg1 exf6 26. Re1 Re2 27. Rc1 Kc7 28. Nd6 b6 29. Rd1 Bc2 30. cxb6+ Kxb6 31. Bxc2 Rxc2 32. b4 Kc7 33. Ne4 Rd8 34. Rb1 f5 35. Nxg5 Rdd2 36. Rf1 Rxa2 37. Ne6+ Kd6 38. Ng7 Ke5 39. Nh5 Rab2 40. Nf4 Rxb4 41. Re1+ Kd6 42. Re6+ Kd7 43. Rf6 Rb1+ 44. Kh2 Rxf2 45. Rxf5 b4 46. Rf7+ Ke8 47. Rc7 b3 48. Rxc6 b2 49. Nd3 Rh1+ 0-1

[Event "November 21 Late 2023"]
[Site "https://www.chess.com"]
[Date "2023.11.21"]
[Round "5"]
[White "Skatchkov, Valery"]
[Black "Ibarra Jerez, Jose Carlos"]
[Result "0-1"]
[Board "29"]
[TimeControl "180+1"]
[WhiteFideId "24195812"]
[BlackFideId "2226332"]
[WhiteElo "2320"]
[BlackElo "2634"]
[WhiteTeam "RUS"]
[BlackTeam "ESP"]
[WhiteClock "0:00:03"]
[BlackClock "0:00:34"]

1. d4 Nf6 2. c4 d6 3. Nc3 e5 4. Nf3 e4 5. Nd2 Qe7 6. Qc2 Bf5 7. f3 c5 8. d5 Nbd7 9. Ndxe4 Bxe4 10. fxe4 g6 11. Bf4 a6 12. h3 Nh5 13. Bh2 Qh4+ 14. Kd1 Ng3 15. Rg1 Bg7 16. Qd3 Be5 17. Bxg3 Bxg3 18. Kc2 O-O 19. e3 Ne5 20. Qd2 f5 21. exf5 Rxf5 22. b3 Rf2 23. Be2 b5 24. cxb5 axb5 25. Nxb5 c4 26. Nc3 cxb3+ 27. axb3 Rc8 28. Kb2 Nd7 29. Ra4 Qf6 30. Rc4 Nc5 31. Ra1 Be5 32. b4 Bxc3+ 33. Qxc3 Rxe2+ 34. Kb1 Qf1+ 35. Qc1 Re1 0-1

[Event "November 21 Late 2023"]
[Site "https://www.chess.com"]
[Date "2023.11.21"]
[Round "5"]
[White "Zarnicki, Pablo"]
[Black "Tang, Andrew"]
[Result "0-1"]
[Board "30"]
[TimeControl "180+1"]
[WhiteFideId "100137"]
[BlackFideId "2059630"]
[WhiteElo "2468"]
[BlackElo "2589"]
[WhiteTeam "ARG"]
[BlackTeam "USA"]
[WhiteClock "0:00:00"]
[BlackClock "0:00:09"]

1. e4 e5 2. Nc3 Nc6 3. Nf3 Nf6 4. d4 exd4 5. Nxd4 Nxe4 6. Nxe4 Qe7 7. Bd3 Nxd4 8. O-O Ne6 9. f4 f5 10. Ng5 g6 11. Re1 Bg7 12. Qe2 O-O 13. Bc4 Re8 14. c3 h6 15. Nxe6 dxe6 16. Be3 c5 17. Rad1 Bd7 18. Bf2 Rad8 19. Rxd7 Rxd7 20. Qxe6+ Kh7 21. Qxe7 Rexe7 22. Rxe7 Rxe7 23. Bxc5 Re1+ 24. Kf2 Rb1 25. Ba3 Bf6 26. Kf3 Kg7 27. h3 Rc1 28. Bb3 Rf1+ 29. Ke3 Bh4 30. g4 Bg3 31. Bd6 fxg4 32. Be5+ Kf8 33. hxg4 g5 34. Ke2 Rg1 35. Bd4 Rb1 36. fxg5 hxg5 37. Bxa7 Rxb2+ 38. Kf3 Bd6 39. Ke4 Be7 40. Kf5 Rb1 41. Be3 Rf1+ 42. Kg6 Rf6+ 43. Kh5 Rc6 44. c4 Kg7 45. Bd4+ Bf6 46. Be3 Rc8 0-1

[Event "November 21 Late 2023"]
[Site "https://www.chess.com"]
[Date "2023.11.21"]
[Round "5"]
[White "Gokerkan, Cem Kaan"]
[Black "Milchev, Nikolay"]
[Result "1-0"]
[Board "31"]
[TimeControl "180+1"]
[WhiteFideId "6336760"]
[BlackFideId "2906090"]
[WhiteElo "2365"]
[BlackElo "2449"]
[WhiteTeam "TUR"]
[BlackTeam "ENG"]
[WhiteClock "0:00:26"]
[BlackClock "0:00:00"]

1. e4 e5 2. Nf3 Nc6 3. Bc4 Nf6 4. d3 h6 5. O-O d6 6. a4 g5 7. Re1 Bg7 8. c3 a6 9. b4 O-O 10. Ba2 Ne7 11. Nbd2 Ng6 12. Nc4 g4 13. Nfd2 Nf4 14. Nf1 Be6 15. d4 b5 16. Na5 Bxa2 17. Rxa2 c5 18. Ne3 cxb4 19. cxb4 exd4 20. Nxg4 Nxg4 21. Qxg4 Ng6 22. g3 Rc8 23. Kg2 Ne5 24. Qd1 Nc4 25. axb5 axb5 26. Qh5 Qf6 27. Qxb5 Ne5 28. Bf4 Rb8 29. Qf1 Rxb4 30. Rc2 Ng6 31. Bd2 Ra4 32. Qb5 Ra3 33. Nc4 Qf3+ 34. Kg1 Rb3 35. Qf5 Qd3 36. Rec1 Rb1 37. Rxb1 Qxc2 38. Rc1 Qd3 39. Bb4 Re8 40. Nxd6 Re7 41. Nxf7 Rxf7 42. Qxg6 1-0

[Event "November 21 Late 2023"]
[Site "https://www.chess.com"]
[Date "2023.11.21"]
[Round "5"]
[White "Raja Rithvik R"]
[Black "Erdogan, Anil Berk"]
[Result "1/2-1/2"]
[Board "32"]
[TimeControl "180+1"]
[WhiteFideId "35007394"]
[BlackFideId "6348173"]
[WhiteElo "2395"]
[BlackElo "2007"]
[WhiteTeam "IND"]
[BlackTeam "TUR"]
[WhiteClock "0:00:12"]
[BlackClock "0:00:24"]

1. Nf3 c5 2. c4 g6 3. d4 cxd4 4. Nxd4 Nc6 5. e4 Nf6 6. Nc3 d6 7. Nc2 Bg7 8. Be2 O-O 9. O-O Nd7 10. Be3 Nc5 11. f3 Be6 12. Qd2 Re8 13. Rfd1 a6 14. Rac1 a5 15. b3 Qc8 16. Nd5 Qd8 17. Nd4 Nxd4 18. Bxd4 Bxd5 19. cxd5 Bxd4+ 20. Qxd4 Qb6 21. Rc4 Rac8 22. Rdc1 Nd7 23. Qxb6 Nxb6 24. Rc7 Red8 25. Bb5 Kf8 26. Kf2 Rxc7 27. Rxc7 Rb8 28. Ke3 Na8 29. Rc4 Nb6 30. Rc7 Na8 31. Rc2 Nb6 32. a4 Rc8 33. Rb2 Rc1 34. b4 Ra1 35. bxa5 Nxa4 36. Bxa4 Rxa4 37. Rb5 h5 38. h4 Ra2 39. g4 f6 40. Kf4 Kf7 41. gxh5 gxh5 42. Kf5 Ra3 43. f4 Ra4 44. e5 fxe5 45. fxe5 dxe5 46. Kxe5 Rxh4 47. Rxb7 Ra4 48. Ra7 Ke8 49. Ke6 Re4+ 50. Kf5 Ra4 51. a6 h4 52. Ra8+ Kd7 53. a7 h3 54. d6 h2 55. dxe7 Kxe7 56. Rh8 Rxa7 57. Rxh2 Kd6 58. Rh6+ Kd5 59. Rh8 Rd7 60. Rh1 Rd6 61. Rc1 Rc6 62. Rd1+ Kc5 63. Ke5 Kb5 64. Rb1+ Kc5 65. Rb2 Kc4 66. Rb1 Kc5 67. Rc1+ Kb5 68. Rd1 Kc5 69. Rc1+ Kb5 70. Ra1 Kc5 71. Ke4 Kc4 72. Rb1 Re6+ 73. Kf3 Kd4 74. Rd1+ Kc4 75. Rc1+ Kd4 76. Rd1+ Kc4 77. Rc1+ Kd4 78. Rd1+ 1/2-1/2

[Event "November 21 Late 2023"]
[Site "https://www.chess.com"]
[Date "2023.11.21"]
[Round "5"]
[White "Beerdsen, Thomas"]
[Black "Leiva, Gianmarco"]
[Result "1-0"]
[Board "33"]
[TimeControl "180+1"]
[WhiteFideId "1030108"]
[BlackFideId "3804399"]
[WhiteElo "2550"]
[BlackElo "2335"]
[WhiteTeam "NED"]
[BlackTeam "PER"]
[WhiteClock "0:01:50"]
[BlackClock "0:00:04"]

1. e4 g6 2. d4 Bg7 3. Nc3 d6 4. Bg5 Nf6 5. e5 Nfd7 6. exd6 cxd6 7. Qd2 Qa5 8. Nf3 Nf6 9. O-O-O Bg4 10. Bb5+ Nbd7 11. Bh6 Bxh6 12. Qxh6 Bxf3 13. gxf3 a6 14. Bxd7+ Kxd7 15. Rhe1 Rac8 16. Re3 Qh5 17. Qf4 Qf5 18. Qg3 Rc4 19. Rde1 e6 20. Ne4 Nxe4 21. fxe4 Qa5 22. d5 Rhc8 23. dxe6+ fxe6 24. R1e2 Qxa2 25. Ra3 Rxc2+ 26. Rxc2 Rxc2+ 27. Kxc2 Qc4+ 28. Rc3 Qe2+ 29. Kb1 Qe1+ 30. Ka2 Qxe4 31. Qd3 Qa4+ 32. Kb1 Qf4 33. Qc4 Qf5+ 34. Rc2 Ke7 35. Qc7+ Kf6 36. Qxd6 Qe4 37. Qf8+ Kg5 38. Qd8+ Kh6 39. Qd2+ Kg7 40. f3 Qf5 41. Kc1 g5 42. Rc7+ Kg6 43. Qc2 h5 44. Qxf5+ 1-0

[Event "November 21 Late 2023"]
[Site "https://www.chess.com"]
[Date "2023.11.21"]
[Round "5"]
[White "Manukyan, Sargis A."]
[Black "Maksimovic, Bojan"]
[Result "1-0"]
[Board "34"]
[TimeControl "180+1"]
[WhiteFideId "13303970"]
[BlackFideId "14408120"]
[WhiteElo "2204"]
[BlackElo "2546"]
[WhiteTeam "ARM"]
[BlackTeam "BIH"]
[WhiteClock "0:00:11"]
[BlackClock "0:00:10"]

1. d4 a6 2. Nf3 e6 3. c4 b5 4. e4 bxc4 5. Bxc4 Bb7 6. Nc3 Bb4 7. Bd3 Nf6 8. e5 Nd5 9. Qc2 c5 10. O-O cxd4 11. Nxd4 Nxc3 12. bxc3 Bc5 13. Rb1 Qc7 14. Be3 Nc6 15. Nxe6 dxe6 16. Bxc5 Nxe5 17. Be4 Qxc5 18. Bxb7 Ra7 19. Qa4+ Ke7 20. Rfd1 Rb8 21. Qh4+ f6 22. Be4 Rxb1 23. Bxb1 h6 24. Qg3 g5 25. h4 Rd7 26. Re1 Rc7 27. hxg5 hxg5 28. Qh3 Qxc3 29. Qh7+ Nf7 30. Rd1 Qb2 31. Bg6 Kf8 32. Bxf7 Rc1 33. Qg8+ Ke7 34. Qe8# 1-0

[Event "November 21 Late 2023"]
[Site "https://www.chess.com"]
[Date "2023.11.21"]
[Round "5"]
[White "Van Dael, Siem"]
[Black "Yeletsky, Ivan"]
[Result "0-1"]
[Board "35"]
[TimeControl "180+1"]
[WhiteFideId "1049771"]
[BlackFideId "24180327"]
[WhiteElo "2252"]
[BlackElo "2358"]
[WhiteTeam "NED"]
[BlackTeam "RUS"]
[WhiteClock "0:00:01"]
[BlackClock "0:00:11"]

1. e4 e5 2. Nf3 Nf6 3. Nxe5 d6 4. Nf3 Nxe4 5. Bd3 d5 6. Qe2 Qe7 7. O-O Nc5 8. Re1 Qxe2 9. Bxe2 Be7 10. Nc3 c6 11. Bf1 Bf5 12. d3 Nbd7 13. Nd4 Bg6 14. Bf4 Kd8 15. b4 Bf6 16. Nce2 Ne6 17. Nxe6+ fxe6 18. Rab1 Nb6 19. Bg3 e5 20. Nc1 Re8 21. Nb3 Na4 22. Nc5 b5 23. Nxa4 bxa4 24. a3 Kd7 25. Rbd1 a5 26. c3 e4 27. d4 axb4 28. cxb4 Bh5 29. Be2 Bxe2 30. Rxe2 h5 31. Rc2 g5 32. h3 g4 33. hxg4 hxg4 34. b5 cxb5 35. Rc5 Ke6 36. Rxb5 Rac8 37. Rb4 Rc4 38. Rb6+ Kf5 39. Rd6 Rec8 40. Rxd5+ Kg6 41. Rc5 R8xc5 42. dxc5 Rxc5 43. Bd6 Rc2 44. Bb4 Kf5 45. Re1 Bd4 46. Rf1 g3 47. Kh1 gxf2 48. Kh2 e3 49. g4+ Ke4 50. Kg2 e2 51. Rxf2 Bxf2 52. Kxf2 Kd3 53. g5 Rc1 54. Be1 Rc5 55. g6 Rf5+ 56. Kg3 Rg5+ 57. Kf4 Rxg6 58. Bb4 Rg1 59. Ke5 e1=Q+ 60. Bxe1 Rxe1+ 61. Kd5 Ra1 62. Kc5 Rxa3 63. Kb4 Ra1 0-1

[Event "November 21 Late 2023"]
[Site "https://www.chess.com"]
[Date "2023.11.21"]
[Round "5"]
[White "Petukhov, Dmitry"]
[Black "Xu, Yi"]
[Result "0-1"]
[Board "36"]
[TimeControl "180+1"]
[WhiteFideId "4142748"]
[BlackFideId "8605564"]
[WhiteElo "2269"]
[BlackElo "2460"]
[WhiteTeam "RUS"]
[BlackTeam "CHN"]
[WhiteClock "0:00:08"]
[BlackClock "0:00:32"]

1. e4 c5 2. c3 Nf6 3. e5 Nd5 4. d4 cxd4 5. Nf3 Nc6 6. Bc4 Nb6 7. Bb3 d6 8. exd6 Qxd6 9. O-O Be6 10. Bxe6 Qxe6 11. Nxd4 Nxd4 12. Qxd4 Rd8 13. Qh4 Qe2 14. Nd2 e6 15. Qg3 f6 16. h3 Kf7 17. Nf3 Rd1 18. Nd2 Be7 19. Rxd1 Qxd1+ 20. Nf1 Rd8 21. b3 Qe1 22. Qe3 Rd1 23. Qxe1 Rxe1 24. Bb2 Re2 25. Rb1 Nd5 26. Ng3 Rc2 27. c4 Nf4 28. a3 e5 29. Bc1 Bc5 30. Ne4 Bxf2+ 31. Nxf2 Ne2+ 32. Kf1 Rxc1+ 33. Rxc1 Nxc1 34. b4 Ke6 35. Ke1 b6 36. Kd2 Nb3+ 37. Kc3 Nd4 38. Nd3 h5 39. c5 Kd5 40. cxb6 axb6 41. a4 h4 42. Nf2 Ne2+ 43. Kb3 Nf4 44. Nd3 Nxd3 45. a5 bxa5 0-1

[Event "November 21 Late 2023"]
[Site "https://www.chess.com"]
[Date "2023.11.21"]
[Round "5"]
[White "Hajiyev, Kanan"]
[Black "Szpar, Milosz"]
[Result "0-1"]
[Board "37"]
[TimeControl "180+1"]
[WhiteFideId "13404148"]
[BlackFideId "1184989"]
[WhiteElo "2102"]
[BlackElo "2446"]
[WhiteTeam "AZE"]
[BlackTeam "POL"]
[WhiteClock "0:00:19"]
[BlackClock "0:01:38"]

1. d4 d5 2. Nf3 Nf6 3. c4 c6 4. cxd5 cxd5 5. Nc3 Nc6 6. Bg5 a6 7. e3 Ne4 8. Nxe4 dxe4 9. Nd2 Qa5 10. Bf4 e5 11. dxe5 Be6 12. Qc2 Rd8 13. a3 Bb3 14. Qc1 Rxd2 15. Qxd2 Bb4 0-1

[Event "November 21 Late 2023"]
[Site "https://www.chess.com"]
[Date "2023.11.21"]
[Round "5"]
[White "Troff, Kayden"]
[Black "Vadim_Galchenko"]
[Result "1/2-1/2"]
[Board "38"]
[TimeControl "180+1"]
[WhiteFideId "2047896"]
[WhiteElo "2544"]
[BlackElo "2510"]
[WhiteTeam "USA"]
[WhiteClock "0:00:11"]
[BlackClock "0:00:09"]

1. d4 d5 2. c4 Nc6 3. Nf3 Bg4 4. Nc3 e6 5. e3 Nf6 6. Be2 Bd6 7. h3 Bh5 8. O-O O-O 9. b3 Re8 10. Bb2 Ne4 11. Nd2 Bxe2 12. Qxe2 Nxc3 13. Bxc3 f5 14. Rac1 a6 15. f4 Nb8 16. b4 Nd7 17. a4 Nf6 18. b5 axb5 19. axb5 Ne4 20. Nxe4 fxe4 21. Ra1 Qh4 22. c5 Bf8 23. Rfb1 Qf6 24. Be1 Rxa1 25. Rxa1 Bxc5 26. Rc1 Bd6 27. Qg4 Qf5 28. Qxf5 exf5 29. Ra1 Kf7 30. Ra7 b6 31. Kf2 Ke7 32. g4 g6 33. Kg2 Rb8 34. Bh4+ Kd7 35. Bf6 Rf8 36. Bg7 Rg8 37. Bh6 Bf8 38. Bg5 h6 39. Bf6 Bd6 40. Kg3 g5 41. Be5 gxf4+ 42. Kxf4 fxg4 43. hxg4 Rf8+ 44. Kg3 Rf3+ 45. Kh4 Rxe3 46. Bg7 Bf4 47. Kh5 Rg3 48. Ra2 e3 49. Re2 Rf3 50. Bf6 Rf2 51. Re1 e2 52. Bh4 Rh2 53. Kg6 Rxh4 54. Rxe2 Rxg4+ 55. Kf5 Rh4 56. Kf6 Bd6 57. Rg2 Rf4+ 58. Kg6 Rxd4 59. Kh7 Rb4 60. Rg7+ Kc8 61. Rg8+ Kb7 62. Kg6 Rxb5 63. Kf7 Rc5 64. Ke6 d4 65. Kd7 d3 66. Rg2 d2 67. Rxd2 Rd5 68. Rxd5 b5 69. Rxb5+ Ka6 70. Kc6 Ka7 71. Ra5+ Kb8 72. Rh5 Bf4 73. Rf5 Bd6 74. Rf6 Ka7 75. Rxh6 Kb8 76. Rh5 Ka7 77. Rh8 Bg3 78. Rh3 Bd6 79. Rb3 Be5 80. Rb7+ Ka8 81. Rb5 Bd6 82. Ra5+ Kb8 83. Ra2 Be5 84. Ra3 Bd6 85. Ra4 Be5 86. Kb5 Kb7 87. Kc5 Bd6+ 88. Kd5 Bh2 89. Rb4+ Ka8 90. Rc4 Kb7 91. Rc2 Bd6 92. Rb2+ Ka8 93. Ke6 Bh2 94. Kd7 Bg3 95. Kc8 Ka7 96. Rc2 Bd6 97. Rc6 Be5 98. Re6 Bd6 99. Re2 Bf4 100. Ra2+ Kb6 101. Kd7 Bd6 102. Rb2+ Ka7 103. Kc6 Bf4 104. Kb5 Bd6 105. Rc2 Be5 106. Rc6 Bd6 107. Rc4 Kb7 108. Rc2 Ka7 109. Kc6 Ka8 110. Rb2 Ka7 111. Rb5 Ka8 112. Ra5+ Kb8 113. Rg5 Ka8 114. Kb5 Kb7 115. Rg7 Kb8 116. Ka6 Kc8 117. Rg8+ Kd7 118. Kb7 Be5 119. Rg5 Bd6 120. Rg7+ Ke6 121. Kc6 Kf6 122. Rg1 Ke6 123. Re1+ Kf5 124. Kd5 Kg4 125. Rf1 1/2-1/2